 Dungeon Sprint DCSS version 0.23-a0-890-gc183402 (webtiles) character file.

Game seed: 17395202576368799555

1502 galech the Cleaver (level 8, -2/69 HPs)
             Began as a Demonspawn Fighter on Jan 28, 2019.
             Was a Believer of Okawaru.
             Killed from afar by a gargoyle (12 damage)
             ... with a stone arrow
             ... in the Dungeon (Sprint IX: "|||||||||||||||||||||||||||||").
             The game lasted 00:01:35 (531 turns).

galech the Cleaver (Demonspawn Fighter)              Turns: 531, Time: 00:01:36

Health: -2/69      AC: 17    Str: 17    XL:     8   Next: 52%
Magic:  5/8        EV: 15    Int:  5    God:    Okawaru [**....]
Gold:   0          SH: 13    Dex: 19    Spells: 7/7 levels left

rFire    . . .     SeeInvis .   o - +3 war axe of Boec {drain, rC+ rN+ Int-4 Dex+2}
rCold    + . .     Gourm    .   c - +0 shield
rNeg     + . .     Faith    .   q - +1 chain mail
rPois    .         Spirit   .   (no helmet)
rElec    .         Reflect  .   (no cloak)
rCorr    .         Harm     .   p - +0 pair of gloves
MR       .....     NoTele   +   (no boots)
Stlth    ..........             (no amulet)
HPRegen  0.21/turn              r - +2 ring of evasion
MPRegen  0.11/turn              s - +2 ring of protection

@: heroism
A: hooves 1, thin skeletal structure 1, demonic guardian 1, spiny 2
a: Heroism, Renounce Religion


You were in the Dungeon.
You worshipped Okawaru.
Okawaru was pleased with you.
You were not hungry.

You visited 1 branch

Inventory:

Hand Weapons
 a - a +0 war axe
 o - the +3 war axe of Boec (weapon) {drain, rC+ rN+ Int-4 Dex+2}
   (You found it in the Dungeon)

   A truly terrible weapon, it drains the life of those it strikes.
   It affects your intelligence (-4).
   It affects your dexterity (+2).
   It protects you from cold.
   It protects you from negative energy.
Armour
 c - a +0 shield (worn)
 p - a +0 pair of gloves (worn)
 q - a +1 chain mail (worn)
Jewellery
 r - a +2 ring of evasion (left hand)
 s - a +2 ring of protection (right hand)
Wands
 n - a wand of acid (10)
Scrolls
 k - a scroll of blinking
 l - 3 scrolls of remove curse
 m - 2 scrolls of amnesia
Potions
 d - a potion of invisibility
 e - 5 potions of curing
 g - 3 potions of heal wounds
 h - a potion of haste
 i - 4 potions of magic
 j - a potion of berserk rage
Comestibles
 b - 11 chunks of flesh
 f - a ration


   Skills:
 + Level 8.4(13.4) Fighting
 + Level 10.5(15.5) Axes
 + Level 9.0(14.0) Armour
 + Level 3.6(8.6) Dodging
 + Level 8.4(13.4) Shields


You had 7 spell levels left.
You didn't know any spells.
Your spell library was empty.

Dungeon Overview and Level Annotations

Branches:
Dungeon (1/1)

Altars:
Cheibriados
Dithmenos
Elyvilon
Fedhas
Gozag
Hepliaklqana
Kikubaaqudgha
Makhleb
Nemelex Xobeh
Okawaru
Qazlal
Ru
Sif Muna
Trog
Uskayaw
Vehumet
Wu Jian
Xom
Yredelemnul
Zin
The Shining One
Beogh
Jiyva
Lugonu


Innate Abilities, Weirdness & Mutations

You have large cloven feet.
You have a somewhat thin skeletal structure. (Dex +2, Stealth)
A weak demonic guardian rushes to your aid.
You are mostly covered in sharp spines.


Message History

You barely miss the gargoyle. Your kick misses the gargoyle.
The gargoyle is heavily damaged.
Your chain mail prevents you from hitting the gargoyle.
The gargoyle is heavily damaged.
The gargoyle hurls a stone arrow at you.
The stone arrow hits you!
* * * LOW HITPOINT WARNING * * *
You hit the gargoyle.
You kick the gargoyle, but do no damage.
The gargoyle is heavily damaged.
The gargoyle closely misses you.
You slash the gargoyle!
You kick the gargoyle, but do no damage.
The gargoyle is almost destroyed.
You hit the gargoyle.
You kick the gargoyle, but do no damage.
The gargoyle is almost destroyed.
The gargoyle hurls a stone arrow at you.
The stone arrow hits you!
You die... ▓▓▓▓▓▓▓▓▓▓▓▓▓▓▓▓▓▓▓▓▓▓▓▓▓▓▓▓ ▓<..('.)).5@9....'__________ ▓▓▓▓▓▓▓▓▓▓▓▓▓▓▓▓▓▓▓▓▓▓▓▓▓▓▓▓

You could see a gargoyle and a friendly shadow imp.

Vanquished Creatures
  A two-headed ogre (D)
  A kobold demonologist (D)
  A yak (D)
  2 sky beasts (D)
  An ogre (D)
  A centaur (D)
  A howler monkey (D)
  A jelly (D)
  A hound (D)
  A gnoll (D)
  An ooze (D)
  An adder skeleton (D)
  2 leopard geckos (D)
  An orc (D)
  A bat (D)
  A hobgoblin (D)
  2 jackals (D)
  A kobold (D)
21 creatures vanquished.

Notes
Turn   | Place    | Note
-------+----------+-------------------------------------------
     0 | D        | galech the Demonspawn Fighter began the quest for the Orb.
     0 | D        | Reached XP level 1. HP: 18/18 MP: 1/1
    18 | D        | Reached skill level 2 in Axes
    20 | D        | Gained mutation: You have large cloven feet. [demonic
                  | ancestry]
    20 | D        | Reached XP level 2. HP: 23/25 MP: 2/2
    57 | D        | Noticed a sky beast
    62 | D        | Killed a sky beast
    62 | D        | Reached skill level 5 in Fighting
    62 | D        | Reached skill level 3 in Axes
    62 | D        | Reached skill level 5 in Armour
    62 | D        | Reached skill level 1 in Dodging
    62 | D        | Gained mutation: You are partially covered in sharp spines.
                  | [demonic ancestry]
    62 | D        | Reached XP level 3. HP: 10/33 MP: 3/3
    62 | D        | Reached XP level 4. HP: 12/39 MP: 4/4
    64 | D        | Reached skill level 4 in Axes
    64 | D        | Reached skill level 5 in Shields
    65 | D        | Gained mutation: You are mostly covered in sharp spines.
                  | [demonic ancestry]
    65 | D        | Reached XP level 5. HP: 14/46 MP: 5/5
   277 | D        | Found a roughly hewn altar of Beogh.
   277 | D        | Found a snail-covered altar of Cheibriados.
   277 | D        | Found a shadowy altar of Dithmenos.
   277 | D        | Found a white marble altar of Elyvilon.
   277 | D        | Found a blossoming altar of Fedhas.
   277 | D        | Found an opulent altar of Gozag.
   278 | D        | Found a hazy altar of Hepliaklqana.
   279 | D        | Found a viscous altar of Jiyva.
   280 | D        | Found an ancient bone altar of Kikubaaqudgha.
   281 | D        | Found a corrupted altar of Lugonu.
   282 | D        | Found a burning altar of Makhleb.
   283 | D        | Found a sparkling altar of Nemelex Xobeh.
   284 | D        | Found an iron altar of Okawaru.
   285 | D        | Found a stormy altar of Qazlal.
   286 | D        | Found a sacrificial altar of Ru.
   287 | D        | Found a deep blue altar of Sif Muna.
   288 | D        | Found a bloodstained altar of Trog.
   289 | D        | Found a hide-covered altar of Uskayaw.
   290 | D        | Found a radiant altar of Vehumet.
   291 | D        | Found an ornate altar of the Wu Jian Council.
   292 | D        | Became a worshipper of Warmaster Okawaru
   293 | D        | Found a shimmering altar of Xom.
   294 | D        | Found a basalt altar of Yredelemnul.
   295 | D        | Found a glowing silver altar of Zin.
   296 | D        | Found a glowing golden altar of the Shining One.
   313 | D        | Got the +3 war axe of Boec {drain, rC+ rN+ Int-4 Dex+2}
   342 | D        | Noticed a centaur
   342 | D        | Noticed an ogre
   346 | D        | Killed a centaur
   346 | D        | Reached skill level 5 in Axes
   355 | D        | Killed an ogre
   355 | D        | Reached skill level 6 in Axes
   355 | D        | Gained mutation: You have a somewhat thin skeletal
                  | structure. (Dex +2, Stealth) [demonic ancestry]
   355 | D        | Reached XP level 6. HP: 53/55 MP: 6/6
   437 | D        | Noticed a sky beast
   437 | D        | Noticed a yak
   437 | D        | Noticed a two-headed ogre
   437 | D        | Noticed a kobold demonologist
   437 | D        | Noticed a gargoyle
   444 | D        | Killed a sky beast
   444 | D        | Reached * piety under Okawaru
   449 | D        | Killed a yak
   449 | D        | Reached skill level 7 in Axes
   449 | D        | Reached XP level 7. HP: 46/60 MP: 7/7
   452 | D        | Noticed a sixfirhy
   507 | D        | Killed a two-headed ogre
   507 | D        | Reached ** piety under Okawaru
   507 | D        | Reached skill level 9 in Axes
   507 | D        | Gained mutation: A weak demonic guardian rushes to your
                  | aid. [demonic ancestry]
   507 | D        | Reached XP level 8. HP: 27/68 MP: 5/8
   511 | D        | Reached skill level 10 in Axes
   516 | D        | Noticed a soul eater
   518 | D        | Killed a kobold demonologist
   531 | D        | Killed from afar by a gargoyle

Vault maps used:
D:        linesprint

Skill      XL: |  1  2  3  4  5  6  7  8 |
---------------+-------------------------+-----
Armour         | 3 5 6 7 8 9 |  9.0
Shields        | 3 4 5 6 7 8 |  8.4
Axes           | 2 3 4 6 7 9 10 | 10.5
Fighting       | 5 7 8 |  8.4
Dodging        | 1 2 3 |  3.6

Action                   |  1- 3 |  4- 6 |  7- 9 || total
-------------------------+-------+-------+-------++-------
Melee: War axe           |    26 |    26 |    25 ||    77
       Kick              |     4 |     7 |    12 ||    23
Invok: Heroism           |       |       |     2 ||     2
  Use: Potion            |     1 |       |       ||     1
       Scroll            |       |       |     1 ||     1
Armor: Scale mail        |    15 |     2 |       ||    17
       Chain mail        |       |     9 |     1 ||    10
Dodge: Dodged            |     4 |     3 |     7 ||    14
Block: Shield            |    15 |    12 |     8 ||    35

Table legend:
 A = Non-vault XP
 B = Vault XP
 C = Vault XP percentage of total XP
 D = Non-vault monster count
 E = Vault monster count
 F = Vault count percentage of total count
                 A         B        C        D         E       F
            +---------+---------+-------+---------+---------+-------
      Total |       0 |    2147 | 100.0 |       0 |      21 | 100.0
            +---------+---------+-------+---------+---------+-------
          D |       0 |    2147 | 100.0 |       0 |      21 | 100.0
            +---------+---------+-------+---------+---------+-------
